 Dungeon Crawl Stone Soup version 0.29-a0-333-gb4c28e87c6 (webtiles) character file.

Game seed: 1948567584468752508

228 Morbidden the Gusty (level 5, -7/46 HPs)
             Began as a Troll Air Elementalist on Apr 13, 2022.
             Mangled by Duvessa
             ... wielding a +1 rapier of venom
              (12 damage)
             ... on level 4 of the Dungeon.
             The game lasted 00:03:59 (3557 turns).

Morbidden the Gusty (Troll Air Elementalist)        Turns: 3557, Time: 00:04:00

Health: -7/46      AC:  4    Str: 16    XL:     5   Next: 71%
Magic:  3/7        EV: 10    Int: 13    God:
Gold:   156        SH:  0    Dex: 10    Spells: 7/8 levels left

rFire   . . .      SeeInvis .     - Unarmed
rCold   . . .      Faith    .   (no shield)
rNeg    . . .      Spirit   .   a - +0 robe
rPois   .          Reflect  .   (helmet restricted)
rElec   .          Harm     .   (no cloak)
rCorr   .          Rampage  .   (gloves unavailable)
Will    .....                   (boots unavailable)
Stlth   +.........              m - amulet of regeneration
HPRegen 1.75/turn               (no ring)
MPRegen 0.10/turn               (no ring)

@: lethally poisoned (-7 -> -11)
A: large, unfitting armour, claws 3, regeneration 1, shaggy fur 1, tough skin 1,
fangs 1, horns 1, evolution 1
a: no special abilities


You were on level 4 of the Dungeon.
You visited 1 branch of the dungeon, and saw 4 of its levels.

You collected 156 gold pieces.

Inventory:

Armour
 a - a +0 robe (worn)
Jewellery
 i - a ring of wizardry
 m - an amulet of regeneration (around neck)
Wands
 n - a wand of acid (7)
Scrolls
 e - 2 scrolls of enchant armour {unknown}
 g - a scroll of fog {unknown}
 h - a scroll of magic mapping {unknown}
 j - 4 scrolls of identify {unknown}
 k - 2 scrolls of brand weapon {unknown}
 p - a scroll of noise {unknown}
Potions
 b - a potion of magic
 f - a potion of heal wounds {unknown}
 l - 2 potions of curing {unknown}
 o - a potion of flight {unknown}


   Skills:
 * Level 0.9 Fighting
 * Level 2.4 Dodging
 + Level 1.2 Stealth
 * Level 2.0 Unarmed Combat
 * Level 2.0 Spellcasting
 * Level 1.7 Conjurations
 * Level 2.5 Air Magic


You had 7 spell levels left.
You knew the following spells:

 Your Spells              Type           Power      Damage    Failure   Level
a - Shock                 Conj/Air       24%        1d4       11%         1

Your spell library contained the following spells:

 Spells                   Type           Power      Damage    Failure   Level
 Static Discharge         Conj/Air       6%         N/A       16%         2
 Corpse Rot               Necr/Air       8%         N/A       22%         2
 Poisonous Vapours        Pois/Air       8%         N/A       22%         2
 Swiftness                Air            7%         N/A       26%         3
 Airstrike                Air            3%         N/A       65%         4


Dungeon Overview and Level Annotations

Branches:
Dungeon (4/15)
 Temple: D:4-7

Altars:
Trog
Xom

Shops:
D:3 :   D:4 !(

Annotations:
D:4 Dowan, Duvessa


Innate Abilities, Weirdness & Mutations

You are too large for most types of armour.
You have claws for hands.
Your natural rate of healing is unusually fast.
You are covered in fur. (AC +1)
You have tough skin. (AC +1)
You have very sharp teeth.
You have a pair of small horns on your head.
You have hidden genetic potential.


Message History

Casting: Shock (safe; 11% risk of failure)
Confirm with . or Enter, or press ? or * to list all spells.
Aiming: Shock (safe; 11% risk of failure)
Press: ? - help, Shift-Dir - straight line, f/p - Duvessa
Aim: Duvessa, wielding a +1 rapier of venom and wearing a +0 scale mail (74% to hit)
The zap hits Duvessa.
Duvessa is lightly wounded.
Unknown command.
Duvessa attacks as you move away!
Duvessa hits you with a +1 rapier of venom!
Duvessa attacks as you move away!
Duvessa hits you with a +1 rapier of venom.
You barely miss Duvessa.
Duvessa is lightly wounded.
Dowan gestures wildly while chanting.
Dowan blinks!
Duvessa hits you with a +1 rapier of venom!
You are poisoned.
You scratch Duvessa but do no damage.
Duvessa is lightly wounded.
You feel very sick.
Duvessa says, "Practise, practise, practise!
One day you'll be as good as me."
Duvessa hits you with a +1 rapier of venom!
You are too injured to fight recklessly!
You are too injured to fight recklessly!
You are too injured to fight recklessly!
It was a potion of cancellation.
You feel magically purged.
Your magical contamination has completely faded away.
You feel very sick.
Duvessa hits you with a +1 rapier of venom!
* * * LOW HITPOINT WARNING * * *
You are more poisoned.
Unknown command.
It was a potion of mutation.
You feel extremely strange.
You feel a hidden potential growing inside you.
Your teeth lengthen and sharpen.
A pair of horns grows on your head!
* * * LOW HITPOINT WARNING * * *
You feel very sick.
Duvessa hits you with a +1 rapier of venom!
You die...

#..# #.
#..# #.
#.## #.
#.# #. #.#
#. #.# #.
#.# #.#
#@#
#e#####
#>....#
####.###.#
#..)..
#.#....
#.#.#...
#.#. .##.
#.## ## .#


You could see Duvessa.

Vanquished Creatures
  2 hounds (D:4)
  A gnoll (D:1)
  6 adders (D:3)
  A worm (D:2)
  2 dart slugs
  7 orcs
  8 endoplasms
  2 giant cockroaches
  15 goblins
  11 hobgoblins
  7 jackals
  3 quokkas
  5 ball pythons
  8 bats
  4 frilled lizards
  4 kobolds
  7 rats
93 creatures vanquished.

Vanquished Creatures (others)
  A worm (D:3)
  An endoplasm (D:3)
  2 quokkas (D:3)
  A rat (D:3)
5 creatures vanquished.

Grand Total: 98 creatures vanquished

Notes
Turn   | Place    | Note
-------+----------+-------------------------------------------
     0 | D:1      | Morbidden the Troll Air Elementalist began the quest for
                  | the Orb.
     0 | D:1      | Reached XP level 1. HP: 16/16 MP: 1/1
   107 | D:1      | Reached XP level 2. HP: 20/24 MP: 2/2
   374 | D:1      | Reached XP level 3. HP: 32/32 MP: 3/3
   422 | D:1      | Reached skill level 1 in Unarmed Combat
   806 | D:2      | Reached skill level 1 in Conjurations
   851 | D:2      | Found a faded altar of an unknown god.
  1579 | D:3      | Found a shimmering altar of Xom.
  1581 | D:3      | Reached XP level 4. HP: 40/40 MP: 5/5
  1778 | D:3      | Found a bloodstained altar of Trog.
  1872 | D:3      | Found Gereb's Book Boutique.
  2948 | D:4      | Noticed Duvessa
  2949 | D:4      | Noticed Dowan
  3013 | D:3      | Reached XP level 5. HP: 36/46 MP: 6/6
  3189 | D:4      | Found Vosseu's Weapon Shop.
  3296 | D:4      | Found Nuboupid's Distillery.
  3557 | D:4      | Gained mutation: You have hidden genetic potential. [potion
                  | of mutation]
  3557 | D:4      | Gained mutation: You have very sharp teeth. [potion of
                  | mutation]
  3557 | D:4      | Gained mutation: You have a pair of small horns on your
                  | head. [potion of mutation]
  3557 | D:4      | Mangled by Duvessa

Illustrated notes

Levels and vault maps discovered:
D:1:      dpeg_arrival_castle, layout_rooms
D:2:      layout_loops_ring, hellmonk_ecumenical_altar_slurped_away,
          hangedman_feature_mirror
D:3:      layout_basic, mainiacjoe_overflow_brackets, xom_confusion_cloud,
          serial_shops, shop, kennysheep_minor_cross
D:4:      layout_loops_ring, serial_shops, shop, nicolae_shop_behind_doors,
          shop, nicolae_lakefront_shop, shop, uniq_duvessa

Skill      XL: |  1  2  3  4  5 |
---------------+----------------+-----
Dodging        | 2 |  2.4
Unarmed Combat | 1 2 |  2.0
Conjurations   | 1 |  1.7
Spellcasting   | 2 |  2.0
Fighting       | |  0.9
Stealth        | |  1.2
Air Magic      | |  2.5

Action                   |  1- 3 |  4- 6 || total
-------------------------+-------+-------++-------
Melee: Unarmed           |    99 |   103 ||   202
       Punch             |     3 |       ||     3
 Cast: Shock             |    36 |    64 ||   100
  Use: Potion            |       |     2 ||     2
 Stab: Sleeping          |     1 |       ||     1
Armor: Robe              |    38 |    48 ||    86
Dodge: Dodged            |    42 |    58 ||   100
Block: Other             |     1 |    15 ||    16
       Reflection        |       |     2 ||     2

Table legend: (Time is in decaauts)
 A = Elapsed time spent in this place.
 B = Non-inter-level travel time spent in this place.
 C = Inter-level travel time spent in this place.
 D = Time resting spent in this place.
 E = Time spent auto-exploring this place.
 F = Levels seen in this place.
 G = Mean time per level.
                   A        B        C        D        E       F      G
               +--------+--------+--------+--------+--------+-----+--------+
         Total |   3565 |   3349 |    216 |     71 |   2608 |   4 |  891.2 |
       Dungeon |   3565 |   3349 |    216 |     71 |   2608 |   4 |  891.2 |
               +--------+--------+--------+--------+--------+-----+--------+

Top non-repeatable levels by time:
     D:3: 1428 daAuts
     D:2: 934 daAuts
     D:1: 650 daAuts
     D:4: 551 daAuts
